 Dungeon Crawl Stone Soup version 0.21.1-1-g345015f (webtiles) character file.

175 Monsterracer the Skirmisher (level 5, -4/47 HPs)
             Began as a Draconian Wanderer on May 5, 2018.
             Slain by Blork the orc
             ... wielding a +0 flail
              (9 damage)
             ... on level 4 of the Dungeon.
             The game lasted 00:03:16 (3039 turns).

Monsterracer the Skirmisher (Draconian Wanderer)    Turns: 3039, Time: 00:03:17

Health: -4/47      AC:  5    Str: 13    XL:     5   Next: 29%
Magic:  5/5        EV: 12    Int: 15    God:
Gold:   215        SH:  0    Dex: 10    Spells: 4/4 levels left

rFire    . . .     SeeInvis .   a - +2 hand axe
rCold    . . .     Gourm    .   (no shield)
rNeg     . . .     Faith    .   (armour unavailable)
rPois    .         Spirit   .   (helmet restricted)
rElec    .         Reflect  .   (no cloak)
rCorr    .         Harm     .   (no gloves)
MR       +....                  (no boots)
Stlth    +.........             (no amulet)
HPRegen  0.15/turn              l - ring of protection from magic {!d}
MPRegen  0.09/turn              (no ring)

@: no status effects
A: unfitting armour, cold-blooded, AC +5
a: no special abilities


You were on level 4 of the Dungeon.
You were not hungry.

You visited 1 branch of the dungeon, and saw 4 of its levels.

You collected 215 gold pieces.

Inventory:

Hand Weapons
 a - a +2 hand axe (weapon)
 b - a +0 morningstar
Jewellery
 l - a ring of protection from magic (left hand) {!d}
Scrolls
 e - 2 scrolls of identify
 g - a scroll of teleportation
 o - 2 scrolls of magic mapping {!r}
Potions
 f - a potion of haste
 k - 2 potions of lignification
 m - a potion of heal wounds
 n - 2 potions of curing
Comestibles
 c - 4 rations
 d - a chunk of flesh


   Skills:
 + Level 4.3 Fighting
   Level 2.0 Long Blades
 * Level 4.2 Axes
 + Level 2.4 Dodging
   Level 1.0 Shields
   Level 1.0 Evocations


You had 4 spell levels left.
You didn't know any spells.

Dungeon Overview and Level Annotations

Branches:
Dungeon (4/15)
 Temple: D:4-7

Altars:

Annotations:
D:4 Blork the orc


Innate Abilities, Weirdness & Mutations

Your plain brown scales are hard. (AC +5)
You cannot fit into any form of body armour.
You are cold-blooded and may be slowed by cold attacks.


Message History

There is an open door here.
There is an open door, spattered with blood here.
Key pressed, stopping explore.
You open the door.
There is an open door here.
As you open the door, it creaks loudly!
There is an open door here.
You open the door.
There is an open door here.
There is an open door here.
There is an open door here.
There is an open door here.
You open the door.
There is an open door here.
There is an open door here.
There is an open door here.
Found 17 bolts.
Health restored: 46 You open the door.
There is an open door here.
You open the door.
There is an open door here.
There is an open door here.
Blork the orc comes into view.
He is wielding a flail.
Blork the orc shouts!
Blork the orc gestures at you while chanting.
The magic dart hits you!
You take 3 damage, and have 43/46 hp.
An adder skeleton comes into view.
There are monsters nearby!
Blork the orc screams, "Die!"
An iguana comes into view.
The adder skeleton barely misses you. Blork the orc barely misses you.
The iguana hisses angrily.
You hit Blork the orc but do no damage. You barely miss the adder skeleton.
The adder skeleton bites you.
You take 2 damage, and have 41/46 hp.
You closely miss Blork the orc. You hit the adder skeleton.
Blork the orc gestures at you while chanting.
The magic dart hits you!
The adder skeleton bites you but does no damage.
Blork the orc barely misses you.
You take 4 damage, and have 37/46 hp.
You slash the adder skeleton!
The adder skeleton is severely damaged.
You hit Blork the orc. The adder skeleton misses you.
You slash the adder skeleton!
You destroy the adder skeleton!
You hit Blork the orc. Blork the orc completely misses you.
You hit Blork the orc.
Blork the orc is heavily wounded.
You barely miss the iguana. Blork the orc barely misses you.
The iguana closely misses you.
You hit Blork the orc.
Blork the orc is heavily wounded.
You hit the iguana but do no damage. The iguana closely misses you.
Blork the orc hits you with a flail.
You take 6 damage, and have 33/47 hp.
You are too injured to fight recklessly!
You hit Blork the orc.
You tail-slap Blork the orc, but do no damage.
Blork the orc is heavily wounded.
You hit the iguana but do no damage.
The iguana hisses menacingly.
The iguana bites you but does no damage.
Blork the orc hits you with a flail.
The iguana hisses menacingly.
The iguana bites you.
You take 8 damage, and have 25/47 hp.
You are too injured to fight recklessly!
You hit Blork the orc. You tail-slap Blork the orc.
Blork the orc is severely wounded.
You hit the iguana. Blork the orc hits you with a flail.
* * * LOW HITPOINT WARNING * * *
The iguana closely misses you.
You take 5 damage, and have 20/47 hp.
You closely miss Blork the orc.
Blork the orc is severely wounded.
You barely miss the iguana. Blork the orc hits you with a flail.
* * * LOW HITPOINT WARNING * * *
The iguana closely misses you.
You take 1 damage, and have 19/47 hp.
You hit Blork the orc.
Blork the orc is severely wounded.
You barely miss the iguana. Blork the orc hits you with a flail.
* * * LOW HITPOINT WARNING * * *
The iguana bites you!
* * * LOW HITPOINT WARNING * * *
You take 15 damage, and have 4/47 hp.
MASSIVE DAMAGE!!
You barely miss Blork the orc.
Blork the orc is severely wounded.
You hit the iguana but do no damage.
The iguana bites you but does no damage.
Blork the orc casts a spell.
Blork the orc seems to speed up.
You barely miss Blork the orc.
You tail-slap Blork the orc, but do no damage.
Blork the orc is severely wounded.
You hit the iguana. Blork the orc hits you with a flail!
You die...

..'.......#****,,,,,,,,*,,,,,*
#'#.......+,,+......,,,*,,,,,*
..........#,,#.....,,,,#,,,,,*
..........#,,#....,,,,.#,,,,,*
..........#,,*...**,,..#,,,,,****
..........###*#'##*,...#*****,,,,
......#####.###..##.....,,,,*,,,,
......#..........l......,,,,*,,,,
......'.........@o......,,,,*,,,,
......#..##.###+###.....**,,*,,,,
......#..##.##*,,**,,...**,,*****
......#..#...#,,,,,,,,,.,,,,,,,,*
......#..#...#,,,,,,,,,,,,,,,,,,*
......###########################
.................................
.................................
O.<..............................


You could see Blork the orc and an iguana.

Vanquished Creatures
  A worker ant (D:4)
  3 gnolls (D:4)
  An adder (D:4)
  2 oozes
  An adder skeleton (D:4)
  5 worms
  3 dart slugs
  A leopard gecko (D:2)
  2 orcs
  9 bats
  2 giant cockroaches
  8 goblins
  4 hobgoblins
  9 jackals
  12 kobolds
  A quokka (D:3)
  5 frilled lizards
  7 rats
76 creatures vanquished.

Notes
Turn   | Place    | Note
-------+----------+-------------------------------------------
     0 | D:1      | Monsterracer the Draconian Wanderer began the quest for the Orb.
     0 | D:1      | Monsterracer set off with: a +2 hand axe, a potion of lignification, a ration, a +0 falchion
     0 | D:1      | Reached XP level 1. HP: 19/19 MP: 1/1
   162 | D:1      | Reached XP level 2. HP: 25/26 MP: 2/2
   529 | D:1      | Reached XP level 3. HP: 33/33 MP: 3/3
  1507 | D:3      | HP: 15/33 [leopard gecko (4)]
  1513 | D:3      | HP: 10/33 [giant cockroach (2)]
  1519 | D:2      | HP: 9/33 [giant cockroach (1)]
  1734 | D:3      | Reached XP level 4. HP: 40/40 MP: 4/4
  2238 | D:4      | Noticed an ogre
  2292 | D:4      | HP: 14/40 [gnoll/halberd (10)]
  2510 | D:4      | Reached XP level 5. HP: 24/46 MP: 5/5
  3024 | D:4      | Noticed Blork the orc
  3035 | D:4      | HP: 20/47 [Blork the orc/flail (5)]
  3037 | D:4      | HP: 4/47 [iguana (14)]
  3039 | D:4      | Slain by Blork the orc

Skill      XL: |  1  2  3  4 |
---------------+-------------+-----
Axes           | 3 4 |  4.2
Dodging        | 2 |  2.4
Fighting       | 4 |  4.3
Long Blades    | |  2.0
Shields        | |  1.0
Evocations     | |  1.0

Action                   |  1- 3 |  4- 6 || total
-------------------------+-------+-------++-------
Melee: Hand axe          |   105 |    96 ||   201
       Tailslap          |    12 |    15 ||    27
  Use: Scroll            |       |    11 ||    11
 Stab: Sleeping          |     1 |       ||     1
  Eat: Chunk             |     3 |     4 ||     7
Armor: Skin              |    47 |    42 ||    89
Dodge: Dodged            |    87 |    87 ||   174

Vault maps used:
D:1:      dpeg_arrival_signposts, st_stairs_12
D:2:      corexii_corridor_pit
D:4:      minmay_strange_pillars, minmay_misc_feat_doors, uniq_blork_the_orc
